 Dungeon Crawl Stone Soup version 0.29-a0-719-g0fec994a2d (webtiles) character file.

Game seed: 13122522796337323791

24 Haaias the Chopper (level 2, -2/26 HPs)
             Began as a Minotaur Berserker on June 27, 2022.
             Was a Follower of Trog.
             Slain by a worm (10 damage)
             ... on level 2 of the Dungeon.
             The game lasted 00:01:12 (1567 turns).

Haaias the Chopper (Minotaur Berserker)             Turns: 1567, Time: 00:01:13

Health: -2/26      AC:  2    Str: 21    XL:     2   Next: 79%
Magic:  1/1        EV: 12    Int: 10    God:    Trog [*.....]
Gold:   64         SH:  0    Dex:  9    Spells: 1/1 levels left

rFire   . . .      SeeInvis .   a - +0 hand axe
rCold   . . .      Faith    .   (no shield)
rNeg    . . .      Spirit   .   b - +0 animal skin
rPois   .          Reflect  .   (helmet restricted)
rElec   .          Harm     .   (no cloak)
rCorr   .          Rampage  .   (no gloves)
Will    .....                   (no boots)
Stlth   +.........              (no amulet)
HPRegen 0.08/turn               e - +6 ring of intelligence
MPRegen 0.07/turn               (no ring)

@: no status effects
A: horns 2, retaliatory headbutt
a: Renounce Religion, Berserk


You were on level 2 of the Dungeon.
You worshipped Trog.
Trog was aware of your devotion.
You visited 1 branch of the dungeon, and saw 2 of its levels.

You collected 64 gold pieces.

Inventory:

Hand Weapons
 a - a +0 hand axe (weapon)
Armour
 b - a +0 animal skin (worn)
Jewellery
 e - a +6 ring of intelligence (left hand)
Scrolls
 d - a scroll of immolation {unknown}
Potions
 c - a potion of might {unknown}


   Skills:
 - Level 3.6 Fighting
 + Level 4.5 Axes
 + Level 2.6 Armour
 + Level 2.5 Dodging
 + Level 0.3 Stealth


You had one spell level left.
You didn't know any spells.
Your spell library was empty.

Dungeon Overview and Level Annotations

Branches:
Dungeon (2/15)

Altars:


Innate Abilities, Weirdness & Mutations

You have a pair of horns on your head.
You reflexively headbutt those who attack you in melee.


Message History

You hit the frilled lizard but do no damage.
The frilled lizard bites you.
You closely miss the frilled lizard.
The frilled lizard bites you but does no damage.
You hit the frilled lizard.
Your headbutt misses the frilled lizard.
Your punch misses the frilled lizard.
The frilled lizard is heavily wounded.
The frilled lizard bites you.
You barely miss the frilled lizard.
Your headbutt misses the frilled lizard.
The frilled lizard is heavily wounded.
The frilled lizard closely misses you.
You barely miss the frilled lizard. You headbutt the frilled lizard.
You kill the frilled lizard!
Trog accepts your kill.
No target in view!
HP restored.
A worm comes into view.
A worm is nearby!
A goblin comes into view. It is wielding a +0 dagger.
A worm comes into view.
The goblin shouts!
You see here a scroll labelled QAIBLEO CEEHAD.
The worm bites you!
You barely miss the worm.
A bat comes into view.
The worm misses you.
You slash the worm! You headbutt the worm.
The worm is heavily wounded.
You hit the worm.
The worm is severely wounded.
You hit the goblin. The bat hits you. The goblin hits you with a +0 dagger.
The worm misses you.
You are too injured to fight recklessly!
You are too injured to fight recklessly!
You fail to use your ability.
The bat hits you. The bat barely misses you. You furiously retaliate!
You headbutt the bat. The goblin hits you with a +0 dagger. The worm bites you!
You die...

.... ..............
.............w
#...>.......
#####........#
.............#######
...................#
......w.b.....<....#
......g@?..........#
...................#
####.........†.....#
##........#######
##......## ########


You could see a worm, a goblin and a bat.

Vanquished Creatures
  4 bats
  5 goblins (D:1)
  A hobgoblin (D:1)
  A quokka (D:1)
  7 ball pythons (D:1)
  2 frilled lizards
  2 kobolds (D:1)
  A rat (D:1)
23 creatures vanquished.

Notes
Turn   | Place    | Note
-------+----------+-------------------------------------------
     0 | D:1      | Haaias the Minotaur Berserker began the quest for the Orb.
     0 | D:1      | Reached XP level 1. HP: 19/19 MP: 0/0
   262 | D:1      | Reached skill level 4 in Axes
   266 | D:1      | Reached XP level 2. HP: 9/26 MP: 1/1
  1209 | D:1      | Found a faded altar of an unknown god.
  1567 | D:2      | Slain by a worm

Illustrated notes

Levels and vault maps discovered:
D:1:      elethiomel_arrival_quiet, layout_rooms,
          nicolae_ecumenical_snake_handling
D:2:      layout_rooms, minmay_misc_feat_roman, hangedman_decor_peaks_small,
          minmay_snake_closets

Skill      XL: |  1 |
---------------+----+-----
Axes           | 4 |  4.5
Fighting       | |  3.6
Armour         | |  2.6
Dodging        | |  2.5
Stealth        | |  0.3

Action                   || total
-------------------------++-------
Melee: Hand axe          ||    50
       Headbutt          ||    10
Armor: Animal skin       ||    15
Dodge: Dodged            ||    33

Table legend: (Time is in decaauts)
 A = Elapsed time spent in this place.
 B = Non-inter-level travel time spent in this place.
 C = Inter-level travel time spent in this place.
 D = Time resting spent in this place.
 E = Time spent auto-exploring this place.
 F = Levels seen in this place.
 G = Mean time per level.
                   A        B        C        D        E       F      G
               +--------+--------+--------+--------+--------+-----+--------+
         Total |   1570 |   1518 |     52 |    754 |    647 |   2 |  785.0 |
       Dungeon |   1570 |   1518 |     52 |    754 |    647 |   2 |  785.0 |
               +--------+--------+--------+--------+--------+-----+--------+

Top non-repeatable levels by time:
     D:1: 1517 daAuts
     D:2: 53 daAuts
